 Dungeon Crawl Stone Soup version 0.31-a0-214-gb37851dbb3 (webtiles) character file.

Game seed: 11715437033656259727

329 innerfire43 the Trooper (level 6, 0/49 HPs)
             Began as a Demonspawn Monk on July 1, 2023.
             Succumbed to an adder's poison
             ... on level 3 of the Dungeon.
             The game lasted 00:03:53 (2624 turns).

innerfire43 the Trooper (Demonspawn Monk)           Turns: 2624, Time: 00:03:54

Health: 0/49       AC:  0    Str: 16    XL:     6   Next: 25%
Magic:  6/6        EV: 22    Int: 10    God:
Gold:   130        SH:  0    Dex: 23    Spells: 5/5 levels left

rFire   . . .        l - melded +2 dagger (freeze)
rCold   . . .        d - melded orb {light}
rNeg    . . .        b - melded +0 robe
rPois   .            (helmet currently unavailable)
rElec   .            (cloak currently unavailable)
rCorr   .            (gloves currently unavailable)
SInv    .            (boots currently unavailable)
Will    .....        (no amulet)
Stlth   ++           f - melded +4 ring of protection
HPRegen 0.28/turn    g - melded +4 ring of protection
MPRegen 0.20/turn

%: no passive effects
@: lethally poisoned (0 -> -2), about to teleport, bat-form (expiring), flying,
very quick
A: fast, flying, no casting, tiny, (antennae 2), foul stench 1, magic
regeneration, agile 1, (electricity resistance), strong 1
a: no special abilities


You were on level 3 of the Dungeon.
You were a bat.
You visited 1 branch of the dungeon, and saw 3 of its levels.

You collected 130 gold pieces.

Inventory:

Hand Weapons
 a - a +0 hand axe
 l - a +2 dagger of freezing (melded)
Armour
 b - a +0 robe (melded)
 d - an orb of light (melded)
Jewellery
 f - a +4 ring of protection (melded)
 g - a +4 ring of protection (melded)
 i - a ring of resist corrosion
Wands
 c - a wand of flame (10)
Scrolls
 e - a scroll of identify
 k - a scroll of fear
Potions
 j - a potion of enlightenment
 n - a potion of brilliance


   Skills:
 + Level 4.7 Fighting
 * Level 3.4 Short Blades
 - Level 3.4 Axes
 - Level 3.4 Dodging


You had 5 spell levels left.
You didn't know any spells.
Your spell library contained the following spells:

 Spells                   Type           Power      Damage    Failure   Level
 Magic Dart               Conj           0%         1d3       36%         1
 Searing Ray              Conj           0%         2d4       50%         2
 Fulminant Prism          Conj/Hex       0%         3d5       98%         4


Dungeon Overview and Level Annotations

Branches:
Dungeon (3/15)

Altars:
Wu Jian

Annotations:
D:3 Sigmund


Innate Abilities, Weirdness & Mutations

You are a bat.
You are tiny and dextrous.
You move quickly.
You are flying.
Your equipment is almost entirely melded.
You are incapable of wielding weapons or throwing items.
You cannot cast spells.
((You have a pair of antennae on your head.))
You may rarely emit foul miasma when damaged in melee.
You regenerate magic rapidly.
You are agile. (Dex +4, Str/Int -1)
((You are resistant to electric shocks. (rElec)))
Your muscles are strong. (Str +4, Int/Dex -1)


Message History

You hear some strange, mumbled words.
You are confused.
The adder completely misses you.
You feel sick. The adder bites you.
* * * LOW HITPOINT WARNING * * *
Something closely misses you.
You barely miss something.
You feel sick. The adder bites you.
* * * LOW HITPOINT WARNING * * *
You are more poisoned.
The adder poisons you!
You feel sick. The adder closely misses you.
Your transformation is almost over.
* * * LOW HITPOINT WARNING * * *
You feel sick.
You feel sick.
Okay, then.
You feel less confused.
You hit the adder.
The adder is almost dead.
* * * LOW HITPOINT WARNING * * *
You feel sick. The adder bites you.
* * * LOW HITPOINT WARNING * * *
Something barely misses you. The adder misses you.
You hit the adder.
You kill the adder!
Something hits you.
* * * LOW HITPOINT WARNING * * *
Nothing quivered!
There is a lethal amount of poison in your body!
Okay, then.
As you read the scroll labelled OPSAZA WAYM, it crumbles to dust.
You feel strangely unstable.
It was a scroll of teleportation.
* * * LOW HITPOINT WARNING * * *
You feel sick.
Unknown command.
As you read the scroll labelled SEC FOILLO, it crumbles to dust.
It is a scroll of amnesia.
You feel forgetful for a moment.
You die...

##.##†# #.##.# {
......... ..##.######
#....... #####......#
#......
#......####......
#......††.......
#..†...####...#
#....†.####...####
###.##.###....b....#
................†...#
####.######.........#
## ###....##.# #....#
.# ######### #....# #
........# #......
#######.# #.#..##.
#.# #.#..# #


There were no monsters in sight!

Vanquished Creatures
  Grinder (D:3)
  5 adders
  4 worms (D:2)
  3 dart slugs
  4 orcs (D:3)
  6 endoplasms
  5 giant cockroaches
  8 goblins
  3 hobgoblins
  5 ball pythons
  5 bats
  A frilled lizard (D:1)
  4 kobolds
  8 rats
62 creatures vanquished.

Notes
Turn   | Place    | Note
-------+----------+-------------------------------------------
     0 | D:1      | innerfire43 the Demonspawn Monk began the quest for the
                  | Orb.
     0 | D:1      | Reached XP level 1. HP: 18/18 MP: 1/1
   144 | D:1      | Gained mutation: You may rarely emit foul miasma when
                  | damaged in melee. [demonic ancestry]
   144 | D:1      | Reached XP level 2. HP: 18/24 MP: 2/2
   940 | D:2      | Gained mutation: You regenerate magic rapidly. [demonic
                  | ancestry]
   940 | D:2      | Reached XP level 3. HP: 29/29 MP: 3/3
  1328 | D:2      | Found a faded altar of an unknown god.
  1344 | D:2      | Gained mutation: You have a pair of small antennae on your
                  | head. [demonic ancestry]
  1344 | D:2      | Reached XP level 4. HP: 32/37 MP: 4/4
  1929 | D:2      | Gained mutation: You expend magic power (3 MP) to
                  | strengthen your wands. [potion of mutation]
  1930 | D:2      | Lost mutation: You expend magic power (3 MP) to strengthen
                  | your wands. [potion of mutation]
  1930 | D:2      | Gained mutation: Your muscles are strong. (Str +4, Int/Dex
                  | -1) [potion of mutation]
  1930 | D:2      | Gained mutation: You are resistant to electric shocks.
                  | (rElec) [potion of mutation]
  1930 | D:2      | Gained mutation: You are agile. (Dex +4, Str/Int -1)
                  | [potion of mutation]
  2132 | D:3      | Noticed Grinder
  2166 | D:3      | Killed Grinder
  2167 | D:3      | Reached skill level 4 in Fighting
  2167 | D:3      | Gained mutation: You have a pair of antennae on your head.
                  | [demonic ancestry]
  2167 | D:3      | Reached XP level 5. HP: 14/43 MP: 5/5
  2167 | D:3      | Reached XP level 6. HP: 16/49 MP: 6/6
  2356 | D:3      | Found an ornate altar of the Wu Jian Council.
  2592 | D:3      | Noticed Sigmund
  2621 | D:3      | HP: 2/49 [adder (2)]
  2624 | D:3      | Succumbed to an adder's poison

Illustrated notes

Levels and vault maps discovered:
D:1:      mushboom_english_gardens, layout_basic
D:2:      layout_loops_corners, ebering_ecumenical_altar_ruins,
          serial_bayou_lake_a
D:3:      layout_loops_ring, marbit_many_paths, uniq_grinder, uniq_sigmund

Skill      XL: |  1  2  3  4 |
---------------+-------------+-----
Axes           | 3 |  3.4
Dodging        | 3 |  3.4
Fighting       | 4 |  4.7
Short Blades   | 3 |  3.4

Action                     |  1- 3 |  4- 6 || total
---------------------------+-------+-------++-------
  Melee: Hand axe          |   136 |    16 ||   152
         Dagger            |       |    70 ||    70
         Unarmed           |       |    15 ||    15
    Use: Potion            |       |     7 ||     7
         Scroll            |       |     3 ||     3
 Armour: Robe              |    32 |    24 ||    56
  Dodge: Dodged            |    64 |    55 ||   119

Table legend: (Time is in decaauts)
 A = Elapsed time spent in this place.
 B = Non-inter-level travel time spent in this place.
 C = Inter-level travel time spent in this place.
 D = Time resting spent in this place.
 E = Time spent auto-exploring this place.
 F = Levels seen in this place.
 G = Mean time per level.
                   A        B        C        D        E       F      G
               +--------+--------+--------+--------+--------+-----+--------+
         Total |   2664 |   2582 |     82 |      0 |   2103 |   3 |  888.0 |
       Dungeon |   2664 |   2582 |     82 |      0 |   2103 |   3 |  888.0 |
               +--------+--------+--------+--------+--------+-----+--------+

Top non-repeatable levels by time:
     D:2: 1077 daAuts
     D:1: 907 daAuts
     D:3: 679 daAuts
